 Dungeon Crawl Stone Soup version 0.32-a0-43-g058985b245 (webtiles) character file.

Game seed: 4052288069802462139

17 Drazool the Sneak (level 2, -3/25 HPs)
             Began as a Naga Shapeshifter on Feb 5, 2024.
             Slain by Terence
             ... wielding a +2 trident of freezing
              (4 damage)
             ... on level 2 of the Dungeon.
             The game lasted 00:01:35 (790 turns).

Drazool the Sneak (Naga Shapeshifter)                Turns: 790, Time: 00:01:35

Health: -3/25      AC:  1    Str: 16    XL:     2   Next: 62%
Magic:  2/2        EV:  9    Int: 10    God:
Gold:   100        SH:  0    Dex: 10    Spells: 1/1 levels left

rFire   . .          .
                       - Unarmed
rCold   . . .        (no shield)
rNeg    . . .        a - +0 animal skin
rPois   +            (helmet currently unavailable)
rElec   .            (cloak currently unavailable)
rCorr   .            (gloves currently unavailable)
SInv    +            (no barding)
Will    .....        (no amulet)
Stlth   ++           (no ring)
HPRegen 0.24/turn    (no ring)
MPRegen 0.08/turn

%: no passive effects
@: short of breath, beast-form, very slow
A: beast (slay +1), AC +0, large, see invisible, deformed body, poison
resistance, slowness 2, spit poison 1, naga tail 1
a: Spit Poison, Begin Untransformation


You were on level 2 of the Dungeon.
You were a hulking beast.
You visited 1 branch of the dungeon, and saw 2 of its levels.

You collected 100 gold pieces.


Innate Abilities, Weirdness & Mutations

You are a hulking beast.
Your limbs bulge with bestial killing power. (Slay +1)
Your serpentine skin is tough. (AC +0)
You have supernaturally acute eyesight. (SInv)
Armour fits poorly on your strangely shaped body.
Your system is resistant to poisons. (rPois)
You cover ground very slowly.
You can spit poison.
You have a snake-like lower body.


   Skills:
 - Level 1.0 Fighting
 - Level 1.5 Dodging
 + Level 3.6 Stealth
 - Level 3.0 Unarmed Combat
 - Level 3.0 Shapeshifting


You had one spell level left.
You didn't know any spells.
Your spell library was empty.

Inventory:

Armour
 a - a +0 animal skin (worn)
Talismans
 c - a beast talisman
 d - a flux talisman
Scrolls
 e - a scroll of poison
Potions
 b - a potion of lignification
 f - 2 potions of resistance

Dungeon Overview and Level Annotations

Branches:
Dungeon (2/15)

Altars:

Annotations:
D:2 Terence

#.#<..#.#.#
#.#####.#.#
#.......#.#
####.#..#.#
▓...▓..#.#
#..▓.▓...#.##
...( ▓.▓...#..#
... ▓.▓......#
..
▓...▓▓▓.h.####
.
..▓.▓...▓.@...#
▓.▓...▓▓▓...#
▓.▓... .▓.##
..▓▓▓ .. .# ...
... .# ▓▓ .▓▓▓
.. (▓ .# ▓▓ ..


You could see Terence.


Message History

Terence freezes you. Terence barely misses you.
You hit Terence.
Terence is moderately wounded.
You have got your breath back.
Terence hits you with a +2 trident of freezing.
Terence freezes you.
You hit Terence but do no damage.
Terence is moderately wounded.
Terence hits you with a +2 trident of freezing.
* * * LOW HITPOINT WARNING * * *
Terence freezes you.
* * * LOW HITPOINT WARNING * * *
You hit Terence but do no damage.
Terence is lightly wounded.
Terence closely misses you.
Unknown command.
You closely miss Terence.
Terence is lightly wounded.
Terence closely misses you.
Aiming: Spit Poison (2% risk of failure)
Press: ? - help, Q - select action Shift-Dir - straight line, f/p - Terence
Aim: Terence, wielding a +2 trident of freezing and wearing a +0 chain mail (lightly wounded, 70% to hit)
The splash of poison hits Terence.
Terence is moderately wounded.
Terence hits you with a +2 trident of freezing!
* * * LOW HITPOINT WARNING * * *
Terence freezes you.
You die...
Terence says, "That felt goooood."

Skill      XL: |  1  2 |
---------------+-------+-----
Stealth        | 2 3 |  3.6
Fighting       | |  1.0
Dodging        | |  1.5
Unarmed Combat | |  3.0
Shapeshifting  | |  3.0

Action                     || total
---------------------------++-------
  Melee: Unarmed           ||    22
Ability: Spit Poison       ||    13
    Use: Scroll            ||     2
 Armour: Animal skin       ||    12
  Dodge: Dodged            ||     8

Levels and vault maps discovered:
D:1:      lemuel_arrival_tunnels, layout_basic
D:2:      layout_basic, nicolae_titane, uniq_terence, uniq_robin, uniq_jessica

Notes
Turn   | Place    | Note
-------+----------+-------------------------------------------
     0 | D:1      | Drazool the Naga Shapeshifter began the quest for the Orb.
     0 | D:1      | Reached XP level 1. HP: 18/18 MP: 1/1
    74 | D:1      | Reached skill level 1 in Stealth
   136 | D:1      | Reached skill level 2 in Stealth
   259 | D:1      | Reached XP level 2. HP: 25/25 MP: 2/2
   383 | D:1      | Reached skill level 3 in Stealth
   758 | D:2      | Identified 2 potions of resistance
   780 | D:2      | Noticed Terence
   790 | D:2      | HP: 1/25 [Terence/+2 trident of freezing (10)]
   790 | D:2      | Slain by Terence

Vanquished Creatures
  A dart slug (D:1)
  An endoplasm (D:1)
  4 goblins (D:1)
  2 hobgoblins (D:1)
  2 frilled lizards (D:1)
  3 kobolds (D:1)
  A rat (D:1)
14 creatures vanquished.

Table legend: (Time is in decaauts)
 A = Elapsed time spent in this place.
 B = Non-inter-level travel time spent in this place.
 C = Inter-level travel time spent in this place.
 D = Time resting spent in this place.
 E = Time spent auto-exploring this place.
 F = Levels seen in this place.
 G = Mean time per level.
                   A        B        C        D        E       F      G
               +--------+--------+--------+--------+--------+-----+--------+
         Total |   1069 |   1034 |     35 |      0 |    905 |   2 |  534.5 |
       Dungeon |   1069 |   1034 |     35 |      0 |    905 |   2 |  534.5 |
               +--------+--------+--------+--------+--------+-----+--------+

Top non-repeatable levels by time:
     D:1: 1025 daAuts
     D:2: 44 daAuts

Table legend:
 A = Non-vault XP
 B = Vault XP
 C = Vault XP percentage of total XP
 D = Non-vault monster count
 E = Vault monster count
 F = Vault count percentage of total count
                 A         B        C        D         E       F
            +---------+---------+-------+---------+---------+-------
      Total |      25 |       0 |   0.0 |      14 |       0 |   0.0
            +---------+---------+-------+---------+---------+-------
        D:1 |      25 |       0 |   0.0 |      14 |       0 |   0.0
            +---------+---------+-------+---------+---------+-------
